AoeStats
← IsraDguez

Hill Fort

505568335Analyzed
3v3 RM · 23d ago on Sep 10, 2026· 43m 11s· 6 players
Game mode
Random Map
Map size
Normal (6 player)
Population
200
Speed
Normal
Resources
Standard
Victory
Conquest
Starting age
Dark Age
Ending age
Imperial Age
RankedLock teamsTeams togetherTeam positionsShared explorationLock speedFull tech treeHidden civsTurbo modeCheats
Victory
Defeat
🇲🇽 Teutons · Mexico
1061
+11
🇲🇽 Saracens · Mexico
1029
+12
🇲🇽 Khitans · Mexico
940
+15
🇨🇱 Italians · Chile
941
-13
🇨🇱 Malians · Chile
935
-13
🇨🇱 Japanese · Chile
924
-12
King Dario II
1:39 Loom
11:14 Feudal Age
11:26 Loom
11:59 Horse Collar
12:05 Double-Bit Axe
14:49 Forging
16:16 Bloodlines
17:07 Scale Barding Armor
23:25 Castle Age
23:09 Stone Mining
24:20 Gold Mining
24:12 Man-at-Arms
26:54 Bow Saw
28:55 Wheelbarrow
28:56 Iron Casting
30:20 Stone Shaft Mining
29:22 Long Swordsman
29:49 Gambesons
30:54 Hand Cart
31:02 Scale Mail Armor
31:06 Squires
30:53 Arson
37:54 Chain Mail Armor
38:00 Chain Barding Armor
44:11 Imperial Age
42:18 Town Watch
IsraDguez
0:33 Loom
10:09 Feudal Age
15:27 Double-Bit Axe
22:10 Castle Age
20:44 Gold Mining
22:49 Wheelbarrow
22:46 Crossbowman
25:41 Hand Cart
27:39 Fletching
28:20 Thumb Ring
29:27 Padded Archer Armor
30:50 Bodkin Arrow
34:01 Leather Archer Armor
37:38 Imperial Age
37:27 Scale Mail Armor
36:51 Pikeman
37:32 Squires
40:04 Bracer
40:35 Ring Archer Armor
39:37 Arbalester
42:22 Chemistry
42:24 Ballistics
sergiogl100
0:41 Loom
10:03 Feudal Age
13:32 Double-Bit Axe
13:30 Domestication
20:35 Castle Age
18:08 Man-at-Arms
20:36 Stone Mining
20:44 Long Swordsman
24:05 Forging
25:13 Pastoralism
29:40 Arson
30:33 Iron Casting
33:26 Gambesons
37:35 Stone Shaft Mining
37:49 Bow Saw
40:46 Imperial Age
LuisSW
0:35 Loom
10:19 Feudal Age
17:24 Castle Age
15:23 Double-Bit Axe
15:22 Horse Collar
15:36 Gold Mining
19:09 Heavy Plow
20:06 Pikeman
25:10 Bow Saw
29:58 Imperial Age
28:52 Forging
34:54 Arson
35:10 Squires
37:33 Iron Casting
36:59 Scale Mail Armor
40:06 Blast Furnace
39:22 Chain Mail Armor
RCM_SW
0:36 Loom
11:02 Feudal Age
12:09 Double-Bit Axe
13:01 Town Watch
13:07 Man-at-Arms
15:01 Arson
17:02 Horse Collar
18:13 Forging
21:10 Wheelbarrow
22:13 Gold Mining
27:13 Castle Age
26:45 Scale Mail Armor
27:22 Long Swordsman
28:04 Squires
28:34 Bow Saw
28:56 Caravan
29:06 Gambesons
30:04 Chain Mail Armor
32:23 Iron Casting
36:48 Pikeman
dameoroSW
8:07 Loom
11:02 Feudal Age
15:26 Castle Age
14:20 Double-Bit Axe
17:27 Forging
20:58 Scale Mail Armor
24:14 Iron Casting
25:07 Wheelbarrow
24:48 Horse Collar
30:02 Imperial Age
28:08 Fletching
28:19 Padded Archer Armor
29:33 Bodkin Arrow
29:54 Leather Archer Armor
29:15 Elite Skirmisher
34:07 Farimba
36:44 Bloodlines
38:59 Chemistry
Connection lost

Rejoining the realm…

Still unreachable

The connection could not be restored.

Session expired

The server has moved on; the page needs a fresh start.